 Dungeon Crawl Stone Soup version 0.23.2-1-ga50397a6bc (webtiles) character file.

Game seed: 3122777116367845905

5 NochnoyZador the Digger (level 1, -1/10 HPs)
             Began as a Gargoyle Earth Elementalist on May 1, 2019.
             Slain by a goblin (3 damage)
             ... on level 1 of the Dungeon.
             The game lasted 00:03:04 (361 turns).

NochnoyZador the Digger (GrEE)                       Turns: 361, Time: 00:03:04

Health: -1/10      AC:  5    Str: 11    XL:     1   Next: 80%
Magic:  3/3        EV: 12    Int: 15    God:
Gold:   82         SH:  0    Dex: 10    Spells: 3/4 levels left

rFire    . . .     SeeInvis .   e - +0 club
rCold    . . .     Gourm    .   (no shield)
rNeg     + . .     Faith    .   c - +0 robe
rPois    ∞         Spirit   .   j - +0 helmet
rElec    +         Reflect  .   (no cloak)
rCorr    +         Harm     .   (no gloves)
MR       .....                  (no boots)
Stlth    ++........             (no amulet)
HPRegen  0.03/turn              f - ring of resist corrosion
MPRegen  0.08/turn              (no ring)

@: no status effects
A: negative energy resistance 1, electricity resistance, unbreathing,
petrification resistance, rot immunity, AC +2
a: no special abilities


You were on level 1 of the Dungeon.
You were not hungry.

You visited 1 branch of the dungeon, and saw 1 of its levels.

You collected 82 gold pieces.

Inventory:

Hand Weapons
 e - a +0 club (weapon)
Missiles
 b - 44 stones (quivered)
Armour
 c - a +0 robe (worn)
 j - a +0 helmet (worn)
Jewellery
 f - a ring of resist corrosion (left hand)
Scrolls
 a - a scroll of enchant weapon {unknown}
 g - a scroll of amnesia {unknown}
 h - a scroll of fear {unknown}
 n - 2 scrolls of remove curse {unknown}
 o - a scroll of enchant armour {unknown}
Potions
 i - a potion of heal wounds {unknown}
 k - a potion of agility {unknown}
 l - a potion of curing {unknown}
Comestibles
 d - 2 rations
 m - 2 chunks of flesh


   Skills:
 - Level 1.5 Dodging
 - Level 2.1 Stealth
 * Level 2.2 Spellcasting
   Level 0.7 Transmutations
 * Level 3.9 Earth Magic


You had 3 spell levels left.
You knew the following spells:

 Your Spells              Type           Power        Failure   Level  Hunger
a - Sandblast             Erth           ##....       4%          1    #......

Your spell library contained the following spells:

 Spells                   Type           Power        Failure   Level  Hunger
 Passwall                 Tmut/Erth      #.......     13%         2    ###....
 Stone Arrow              Conj/Erth      #.....       28%         3    ###....
 Petrify                  Tmut/Erth      #.......     63%         4    #####..
 Lee's Rapid Deconstruct  Erth           ##........   77%         5    ######.


Dungeon Overview and Level Annotations

Branches:
Dungeon (1/15)

Altars:


Innate Abilities, Weirdness & Mutations

You are resistant to torment.
Your stone body is resilient. (AC +2)
You are immune to poison.
You resist negative energy. (rN+)
You are resistant to electric shocks. (rElec)
You can survive without breathing.
You are immune to petrification.
You are immune to rotting.


Message History

Found a dagger.
n - 2 scrolls labeled AHEME MUDU (gained 1)
A goblin comes into view.
The goblin shouts!
You are too injured to fight recklessly!
The goblin hits you but does no damage.
You barely miss the goblin. The goblin hits you.
* * * LOW HITPOINT WARNING * * *
The goblin hits you.
* * * LOW HITPOINT WARNING * * *
You hit the goblin.
The goblin is severely wounded.
The goblin closely misses you.
You barely miss the goblin.
The goblin is severely wounded.
The goblin barely misses you.
You closely miss the goblin.
The goblin is severely wounded.
The goblin barely misses you. The goblin hits you.
You die...

##.# ##......# ## ##.#
##.......## # .. ##.#####
##.).......##. # ...)...
............. # .#.#.###
#..........# # ......>#
#.#.#.#..)##... #
.#.#.#># #............# #
.....#.# #.#.#.#g# # #
.#.#.#.###......@####....
#
.....#.....#)#.#.......#
#
.....#####.......####.##
# ..#.........#.#..#
.....######.#....#
#.#..## #.###..# .†....#
#........#
#.#.......#.###.##
......#####.# #.#


You could see a goblin.

Vanquished Creatures
  A hobgoblin (D:1)
  A kobold (D:1)
  2 bats (D:1)
  A rat (D:1)
5 creatures vanquished.

Notes
Turn   | Place    | Note
-------+----------+-------------------------------------------
     0 | D:1      | NochnoyZador the Gargoyle Earth Elementalist began the
                  | quest for the Orb.
     0 | D:1      | Reached XP level 1. HP: 10/10 MP: 3/3
   361 | D:1      | Slain by a goblin

Action                   || total
-------------------------++-------
Melee: Unarmed           ||    23
       Club              ||    17
Armor: Robe              ||    14
Dodge: Dodged            ||    32
